 Dungeon Crawl Stone Soup version 0.28.0 (webtiles) character file.

Game seed: 16450537364459342628

108 growler the Gusty (level 4, -2/24 HPs)
             Began as a Tengu Air Elementalist on Feb 7, 2022.
             Killed from afar by an orc wizard (6 damage)
             ... with a magic dart
             ... on level 3 of the Dungeon.
             The game lasted 00:05:50 (3434 turns).

growler the Gusty (Tengu Air Elementalist)          Turns: 3434, Time: 00:05:50

Health: -2/24      AC:  2    Str:  8    XL:     4   Next: 87%
Magic:  6/9        EV: 12    Int: 17    God:
Gold:   123        SH:  0    Dex: 15    Spells: 3/9 levels left

rFire   . . .      SeeInvis .   (no weapon)
rCold   + . .      Faith    .   (no shield)
rNeg    . . .      Spirit   .   a - +0 robe
rPois   .          Reflect  .   (helmet restricted)
rElec   .          Harm     .   (no cloak)
rCorr   .          Rampage  .   (no gloves)
Will    .....                   (boots unavailable)
Stlth   ++........              (no amulet)
HPRegen 0.08/turn               o - ring of protection from cold
MPRegen 0.11/turn               (no ring)

@: no status effects
A: beak, talons 3
a: no special abilities


You were on level 3 of the Dungeon.
You visited 1 branch of the dungeon, and saw 3 of its levels.

You collected 123 gold pieces.

Inventory:

Armour
 a - a +0 robe (worn)
 i - a +2 kite shield
   (You found it on level 2 of the Dungeon)
Jewellery
 o - a ring of protection from cold (left hand)
   (You found it on level 2 of the Dungeon)
Scrolls
 c - a scroll of enchant armour {unknown}
 d - a scroll of magic mapping {unknown}
 g - 2 scrolls of identify {unknown}
 k - a scroll of enchant weapon {unknown}
 l - a scroll of noise {unknown}
Potions
 b - a potion of mutation {unknown}
 e - a potion of flight {unknown}
 f - 2 potions of magic {unknown}
 h - a potion of degeneration {unknown}
 j - 2 potions of haste {unknown}
 m - a potion of lignification {unknown}


   Skills:
 - Level 2.1 Dodging
 - Level 2.0 Stealth
 + Level 3.0 Spellcasting
 + Level 3.6 Conjurations
 + Level 5.2 Air Magic


You had 3 spell levels left.
You knew the following spells:

 Your Spells              Type           Power      Damage    Failure   Level
a - Shock                 Conj/Air       68%        1d7       2%          1
d - Static Discharge      Conj/Air       17%        N/A       4%          2
s - Swiftness             Air            20%        N/A       6%          3

Your spell library contained the following spells:

 Spells                   Type           Power      Damage    Failure   Level
 Ensorcelled Hibernation  Hex/Ice        4%         N/A       26%         2
 Passwall                 Tmut/Erth      1%         N/A       26%         2
 Gell's Gravitas          Tloc           2%         N/A       45%         3
 Teleport Other           Tloc           2%         N/A       45%         3
 Airstrike                Air            10%        N/A       21%         4
 Dispersal                Tloc           1%         N/A       100%        6


Dungeon Overview and Level Annotations

Branches:
Dungeon (3/15)

Altars:

Shops:
D:2 !


Innate Abilities, Weirdness & Mutations

You have a beak for a mouth.
You have claws for feet.


Message History

You see here a bat corpse.
Found a stone staircase leading down.
Found a metallic cyan potion and 12 gold pieces.
f - 2 metallic cyan potions (gained 1)
You now have 123 gold pieces (gained 12).
Found a smoky ruby potion.
m - a smoky ruby potion
Found a robe.
You see here a +0 robe.
You see here a +0 robe.
An orc priest, 2 orcs and an orc wizard come into view.
The orc shouts!
The orc wizard shouts!
The orc priest shouts!
You hear a shout!
The orc shouts!
An orc comes into view. It is wielding a +0 short sword.
An orc comes into view. It is wielding a +0 falchion.
The orc shouts!
The orc wizard gestures at you while chanting.
The magic dart hits you!
The zap misses the orc wizard.
The zap hits the orc wizard!
The zap hits the orc wizard.
Aim: an orc priest, wielding a +0 hand axe (71% to hit)
The zap hits the orc wizard.
The zap hits the orc priest.
Aim: an orc priest, wielding a +0 hand axe (moderately wounded, 71% to hit)
You miscast Shock.
You are very lightly contaminated with residual magic.
Nothing appears to happen.
The orc wizard gestures at you while chanting.
You are confused.
The orc priest calls upon Beogh to heal the orc wizard.
The orc wizard is healed somewhat.
You bump into the rock wall.
You bump into the rock wall.
The orc wizard hits you but does no damage.
You closely miss the orc wizard.
You claw the orc wizard, but do no damage.
The orc wizard casts a spell.
The orc wizard flickers and vanishes!
Deactivating autopickup; reactivate with Ctrl-A.
You bump into the rock wall.
Something hits you.
You feel less confused.
The orc priest calls down the wrath of Beogh upon you.
Beogh smites you!
* * * LOW HITPOINT WARNING * * *
Your magical contamination has completely faded away.
Unknown command.
Unknown command.
A magic dart appears from out of thin air!
The magic dart hits you.
You die...

##.## ### ##.#.##
########.# #.###.#
#........# ##.#.##
#.###.########.o##
#.# #........#.##
#.###.######.#{#
#.....# #.#.#
###.#.#.######.#@#
.>...............#
.........#####.###
###.#.#..#####.#
#.#...........
#............#
####†.....#...
#.####...## #.# #
.##


You could see an orc priest.

Vanquished Creatures
  An adder (D:2)
  4 gnolls (D:2)
  3 dart slugs
  2 endoplasms
  3 giant cockroaches (D:1)
  7 goblins
  3 hobgoblins (D:2)
  4 jackals
  4 quokkas
  3 ball pythons
  7 bats
  A frilled lizard (D:2)
  6 kobolds
  3 rats
51 creatures vanquished.

Vanquished Creatures (others)
  A plant (D:3)
1 creature vanquished.

Grand Total: 52 creatures vanquished

Notes
Turn   | Place    | Note
-------+----------+-------------------------------------------
     0 | D:1      | growler the Tengu Air Elementalist began the quest for the
                  | Orb.
     0 | D:1      | Reached XP level 1. HP: 10/10 MP: 4/4
   371 | D:1      | Reached XP level 2. HP: 15/15 MP: 1/6
   374 | D:1      | Learned a level 2 spell: Static Discharge
  1243 | D:1      | Reached XP level 3. HP: 19/19 MP: 4/7
  1247 | D:1      | Learned a level 3 spell: Swiftness
  1862 | D:2      | Reached XP level 4. HP: 9/24 MP: 1/9
  1890 | D:2      | Reached skill level 5 in Air Magic
  2796 | D:2      | Found Guluess's Distillery.
  3434 | D:3      | Killed from afar by an orc wizard

Illustrated notes

Levels and vault maps discovered:
D:1:      ebering_trefoil_3fold, layout_basic
D:2:      layout_loops_cross, serial_shops, nicolae_shop_advertising_works
          [nicolae_subvault_shop_adworks], minmay_split_cup_large
D:3:      minmay_chambers_of_twos, layout_loops_ring, serial_shops,
          nicolae_shop_overgrown_old_shop, nicolae_shop_trees, shop,
          nicolae_shop_waterfront

Skill      XL: |  1  2  3  4 |
---------------+-------------+-----
Conjurations   | 2 3 |  3.6
Air Magic      | 5 |  5.2
Spellcasting   | 3 |  3.0
Dodging        | |  2.1
Stealth        | |  2.0

Action                   |  1- 3 |  4- 6 || total
-------------------------+-------+-------++-------
Melee: Unarmed           |       |    30 ||    30
       Kick              |       |     9 ||     9
       Peck              |       |     7 ||     7
 Cast: Shock             |    52 |    17 ||    69
       Static Discharge  |     3 |    14 ||    17
 Stab: Sleeping          |       |     1 ||     1
Armor: Robe              |     3 |    17 ||    20
Dodge: Dodged            |     7 |    41 ||    48
